Canadiens vs Bruins

Created - April 8, 2023 at 20:42

Goals
1 2 3 T
Canadiens 1 1 1 3
Bruins 4 1 0 5
Shots
1 2 3 T
Canadiens 3 11 7 21
Bruins 8 10 13 31

1st period

1. Bruins , Jonathan Toews 22 (Wojtek Wolski 39, Zack Kassian 36) at 9:07 (PP)
2. Canadiens , Chris Kreider 36 (Kevin Shattenkirk 31, Mika Zibanejad 37) at 12:05 (PP)
3. Bruins , Victor Oreskovich 11 (Gabriel Landeskog 26, Kevin Hayes 23) at 12:55
4. Bruins , Jonathan Toews 23 (Wojtek Wolski 40) at 14:15 (PP)
5. Bruins , Gabriel Landeskog 21 (Kevin Hayes 24, Madison Bowey 8) at 15:25

Penalties :
Jordan Szwarz (Mon) for Tripping (Minor) at 2:14, Bobby Ryan (Mon) for Tripping (Minor) at 8:52, Alex Petrovic (Bos) for Unsportsmanlike conduct (Minor) at 11:47, Corban Knight (Mon) for High sticking (Minor) at 14:08, Chris Kreider (Mon) for High sticking (Minor) at 15:30, Torey Krug (Bos) for High sticking (Double Minor) at 18:20

2nd period

6. Bruins , Zack Kassian 35 (Wojtek Wolski 41, Jonathan Toews 40) at 13:00 (PP)
7. Canadiens , Mattias Tedenby 7 (Mark Stuart 14, Kevin Shattenkirk 32) at 19:48

Penalties :
Cam Fowler (Mon) for Holding Stick (Minor) at 0:09, Torey Krug (Bos) for Roughing (Minor) at 3:58, Jordan Szwarz (Mon) for Hooking (Minor) at 12:56, Victor Oreskovich (Bos) for Holding (Minor) at 14:07

3rd period

8. Canadiens , Cam Fowler 6 (Chris Kreider 43, Bobby Ryan 23) at 0:16

Penalties :
Brendan Smith (Bos) for Interference (Minor) at 4:32, Jordan Szwarz (Mon) for Hooking (Minor) at 6:56, Victor Oreskovich (Bos) for Holding (Minor) at 10:28, Josh Manson (Bos) for Hooking (Minor) at 19:37

Goalie Stats

Allen York (Mon), 23 saves from 24 shots - (0.958), 44:35 minutes
Robin Lehner (Mon), 3 saves from 7 shots - (0.429), L, 23-23-6, 15:25 minutes
Keith Kinkaid (Bos), 18 saves from 21 shots - (0.857), W, 3-1-0, 60:00 minutes

Players Stats for Canadiens

Player Name              G  A  P  +/- PIM S  H  SB GA TA FO     MP     PP MP  PK MP  
------------------------------------------------------------------------------------
Bobby Ryan               0  1  1   1  2   3  2  1  0  0  0/1    19:59   5:57   0:00 
Brandon Bollig           0  0  0   1  0   0  1  0  0  1  1/1    10:39   0:01   2:39 
Brian Dumoulin           0  0  0   0  0   0  1  0  0  2  0/0    17:31   4:24   0:00 
Cam Fowler               1  0  1   2  2   3  2  0  0  0  0/0    26:56   6:22   3:35 
Chris Kreider            1  1  2   1  2   3  0  0  1  0  1/1    21:07   5:45   0:09 
Corban Knight            0  0  0   1  2   0  3  1  0  1  3/4    10:35   0:01   2:39 
Greg Stewart             0  0  0  -1  0   1  1  0  1  0  1/1    14:56   4:39   0:06 
Ian White                0  0  0  -2  0   0  1  1  1  0  0/0    16:20   0:00   2:48 
Jean-Gabriel Pageau      0  0  0  -1  0   4  2  0  2  1  6/12   16:55   4:39   0:15 
Jordan Szwarz            0  0  0  -1  6   1  0  0  0  0  0/0     9:45   0:00   0:00 
Kevin Shattenkirk        0  2  2   2  0   1  0  0  0  0  0/0    25:21   6:12   2:48 
Mark Stuart              0  1  1  -2  0   1  1  1  1  0  0/0    21:43   4:13   3:35 
Mattias Tedenby          1  0  1   1  0   2  1  0  0  0  0/0     7:20   0:00   0:00 
Mika Zibanejad           0  1  1   1  0   1  2  0  0  0  19/30  19:45   5:56   0:00 
Mike Richards            0  0  0  -1  0   0  0  0  1  0  8/12   12:44   0:00   3:29 
Philip Larsen            0  0  0   0  0   1  1  0  0  2  0/0    12:28   0:11   0:00 
Rickard Rakell           0  0  0  -1  0   0  0  0  0  0  0/1    14:43   4:39   0:00 
Scott Hartnell           0  0  0  -1  0   0  0  0  0  0  1/1    12:44   0:00   3:29 

Players Stats for Bruins

Player Name              G  A  P  +/- PIM S  H  SB GA TA FO     MP     PP MP  PK MP  
------------------------------------------------------------------------------------
Adam Pelech              0  0  0   0  0   0  0  0  0  1  0/0     5:38   0:10   1:24 
Alex Petrovic            0  0  0   0  2   0  1  1  0  0  0/0    12:29   0:00   2:42 
Brendan Smith            0  0  0   0  2   0  1  0  0  2  0/0    26:23   3:45   4:51 
Casey Cizikas            0  0  0   0  0   3  1  0  1  0  3/10   12:31   0:09   0:00 
David Booth              0  0  0   0  0   2  1  0  0  0  1/1    15:01   0:09   1:48 
Gabriel Landeskog        1  1  2   1  0   4  1  0  0  0  0/0    17:21   2:11   3:14 
Jason Demers             0  0  0   0  0   4  1  1  2  0  0/0    29:38   3:45   5:57 
Jonathan Toews           2  1  3  -1  0   8  3  0  0  0  11/26  21:15   4:03   3:14 
Josh Manson              0  0  0   0  2   0  1  1  0  1  0/0    10:52   0:10   0:11 
Kevin Hayes              0  2  2   1  0   0  2  1  0  0  2/7    13:07   2:11   0:00 
Madison Bowey            0  1  1   0  0   0  1  1  1  0  0/0    19:16   2:28   4:20 
Matt Read                0  0  0   0  0   1  0  1  1  0  0/0    12:15   0:09   0:00 
Mikael Backlund          0  0  0   0  0   1  1  0  1  0  0/2     7:17   0:00   1:56 
Taylor Beck              0  0  0   0  0   2  0  0  0  0  0/0     3:50   0:00   0:00 
Torey Krug               0  0  0   0  6   1  1  1  0  1  0/0    16:20   2:28   1:47 
Victor Oreskovich        1  0  1   1  4   1  2  0  1  0  0/0    13:22   2:11   0:00 
Wojtek Wolski            0  3  3  -1  0   0  1  1  0  2  1/5    24:17   4:03   5:33 
Zack Kassian             1  1  2  -1  0   4  1  2  0  0  6/13   26:26   4:03   5:27 

3 Stars

1 - Jonathan Toews (Bos)
2 - Gabriel Landeskog (Bos)
3 - Kevin Hayes (Bos)

Power Play

Canadiens - 1 on 8 Attempt(s) - 12.50%
Bruins - 3 on 7 Attempt(s) - 42.86%

Penalty Kill

Canadiens - 4 on 7 Attempt(s) - 57.14% - Score 0 goal in Penalty Kill
Bruins - 7 on 8 Attempt(s) - 87.50% - Score 0 goal in Penalty Kill

Team Stat

Canadiens - Hits : 18 - Faceoff Wins : 40 - Blocked Shots : 4 - Penalty Minutes : 14
Bruins - Hits : 19 - Faceoff Wins : 24 - Blocked Shots : 10 - Penalty Minutes : 16

Official

Referees : Pierre Lambert and Brandon Blandina
Linesman : Bryan Pancich and Derek Amell

Game Notes

Allen York enters game at 15:25 of 1st period

Finance

Level 1 -- Attendance: 6000 (100.00%) -- Ticket Income $600,000
Level 2 -- Attendance: 5000 (100.00%) -- Ticket Income $300,000
Level 3 -- Attendance: 1827 (91.35%) -- Ticket Income $63,945
Level 4 -- Attendance: 3633 (90.83%) -- Ticket Income $90,825
Luxury Box -- Attendance: 965 (96.50%) -- Ticket Income $193,000
Game was played at the TD Garden.
Total Attendance: 17425 (96.81%)
Total Ticket Income: $1,247,770
Other Income: $187,166
Total Income: $1,434,936

Canadiens

5 vs 5 Forward 
   Center                   Left Wing                Right Wing               Time % Phy DF OF 
 1 Mika Zibanejad           Chris Kreider            Bobby Ryan               40     0   2  3  
 2 Jean-Gabriel Pageau      Greg Stewart             Rickard Rakell           30     0   2  3  
 3 Mike Richards            Scott Hartnell           Jordan Szwarz            20     0   2  3  
 4 Corban Knight            Brandon Bollig           Mattias Tedenby          10     0   2  3  

5 vs 5 Defense 
   Defense                  Defense                                           Time % Phy DF OF 
 1 Kevin Shattenkirk        Cam Fowler                                        40     0   2  3  
 2 Ian White                Mark Stuart                                       30     0   2  3  
 3 Brian Dumoulin           Philip Larsen                                     20     0   2  3  
 4 Cam Fowler               Kevin Shattenkirk                                 10     0   2  3  

PowerPlay Forward 
   Center                   Left Wing                Right Wing               Time % Phy DF OF 
 1 Mika Zibanejad           Chris Kreider            Bobby Ryan               60     0   1  4  
 2 Jean-Gabriel Pageau      Greg Stewart             Rickard Rakell           40     0   1  4  

PowerPlay Defense
   Defense                  Defense                                           Time % Phy DF OF 
 1 Kevin Shattenkirk        Cam Fowler                                        60     0   1  4  
 2 Brian Dumoulin           Mark Stuart                                       40     0   1  4  

Penalty Kill 4 Players Forward 
   Center                   Wing                     Time % Phy DF OF 
 1 Mike Richards            Scott Hartnell           60     0   4  1  
 2 Corban Knight            Brandon Bollig           40     0   4  1  

Penalty Kill 4 Players Defense
   Defense                  Defense                  Time % Phy DF OF 
 1 Cam Fowler               Mark Stuart              60     0   5  0  
 2 Ian White                Kevin Shattenkirk        40     0   5  0  

Penalty Kill - 3 Players Forward 
   Forward                                           Time % Phy DF OF 
 1 Jean-Gabriel Pageau                               60     0   5  0  
 2 Mika Zibanejad                                    40     0   5  0  

Penalty Kill - 3 Players Defense
   Defense                  Defense                  Time % Phy DF OF 
 1 Cam Fowler               Mark Stuart              60     0   5  0  
 2 Ian White                Philip Larsen            40     0   5  0  

4 vs 4 Forward 
   Center                   Wing                     Time % Phy DF OF 
 1 Jean-Gabriel Pageau      Chris Kreider            60     0   2  3  
 2 Mika Zibanejad           Bobby Ryan               40     0   2  3  

4 vs 4 Defense
   Defense                  Defense                  Time % Phy DF OF 
 1 Philip Larsen            Brian Dumoulin           60     0   2  3  
 2 Cam Fowler               Mark Stuart              40     1   2  2  

Last Minutes Offensive
   Center                   Left Wing                Right Wing               Defense                  Defense                  
   Mika Zibanejad           Chris Kreider            Bobby Ryan               Kevin Shattenkirk        Cam Fowler               

Last Minutes Defensive
   Center                   Left Wing                Right Wing               Defense                  Defense                  
   Jean-Gabriel Pageau      Scott Hartnell           Jordan Szwarz            Mark Stuart              Cam Fowler               

Goaltenders
Starting : Robin Lehner             
Backup : Allen York               

Extra Forwards
Normal : Chris Kreider, Mika Zibanejad, Jean-Gabriel Pageau - PP : Chris Kreider, Mika Zibanejad - PK : Scott Hartnell
Extra Defensemen
Normal : Kevin Shattenkirk, Cam Fowler, Mark Stuart - PP : Kevin Shattenkirk - PK : Cam Fowler, Mark Stuart
Penalty Shots
Chris Kreider, Jean-Gabriel Pageau, Mika Zibanejad, Scott Hartnell, Bobby Ryan

Scratches
None

Bruins

5 vs 5 Forward 
   Center                   Left Wing                Right Wing               Time % Phy DF OF 
 1 Jonathan Toews           Wojtek Wolski            Zack Kassian             40     1   2  2  
 2 Kevin Hayes              Gabriel Landeskog        Victor Oreskovich        30     1   2  2  
 3 Casey Cizikas            David Booth              Matt Read                20     1   2  2  
 4 Mikael Backlund          Taylor Beck              Zack Kassian             10     1   2  2  

5 vs 5 Defense 
   Defense                  Defense                                           Time % Phy DF OF 
 1 Jason Demers             Brendan Smith                                     40     1   2  2  
 2 Torey Krug               Madison Bowey                                     30     1   2  2  
 3 Josh Manson              Alex Petrovic                                     20     1   2  2  
 4 Adam Pelech              Jason Demers                                      10     1   2  2  

PowerPlay Forward 
   Center                   Left Wing                Right Wing               Time % Phy DF OF 
 1 Jonathan Toews           Wojtek Wolski            Zack Kassian             60     1   2  2  
 2 Kevin Hayes              Gabriel Landeskog        Victor Oreskovich        40     1   2  2  

PowerPlay Defense
   Defense                  Defense                                           Time % Phy DF OF 
 1 Jason Demers             Brendan Smith                                     60     1   2  2  
 2 Torey Krug               Madison Bowey                                     40     1   2  2  

Penalty Kill 4 Players Forward 
   Center                   Wing                     Time % Phy DF OF 
 1 Zack Kassian             Wojtek Wolski            60     1   2  2  
 2 Gabriel Landeskog        Jonathan Toews           40     1   2  2  

Penalty Kill 4 Players Defense
   Defense                  Defense                  Time % Phy DF OF 
 1 Jason Demers             Brendan Smith            60     1   2  2  
 2 Torey Krug               Madison Bowey            40     1   2  2  

Penalty Kill - 3 Players Forward 
   Forward                                           Time % Phy DF OF 
 1 Zack Kassian                                      60     1   2  2  
 2 Wojtek Wolski                                     40     1   2  2  

Penalty Kill - 3 Players Defense
   Defense                  Defense                  Time % Phy DF OF 
 1 Jason Demers             Brendan Smith            60     1   2  2  
 2 Torey Krug               Madison Bowey            40     1   2  2  

4 vs 4 Forward 
   Center                   Wing                     Time % Phy DF OF 
 1 Zack Kassian             Wojtek Wolski            60     1   2  2  
 2 Gabriel Landeskog        Jonathan Toews           40     1   2  2  

4 vs 4 Defense
   Defense                  Defense                  Time % Phy DF OF 
 1 Jason Demers             Brendan Smith            60     1   2  2  
 2 Torey Krug               Madison Bowey            40     1   2  2  

Last Minutes Offensive
   Center                   Left Wing                Right Wing               Defense                  Defense                  
   Jonathan Toews           Wojtek Wolski            Zack Kassian             Jason Demers             Brendan Smith            

Last Minutes Defensive
   Center                   Left Wing                Right Wing               Defense                  Defense                  
   Jonathan Toews           Wojtek Wolski            Zack Kassian             Jason Demers             Brendan Smith            

Goaltenders
Starting : Keith Kinkaid            
Backup : Kevin Poulin             

Extra Forwards
Normal : David Booth, Casey Cizikas, Mikael Backlund - PP : David Booth, Casey Cizikas - PK : Mikael Backlund
Extra Defensemen
Normal : Josh Manson, Alex Petrovic, Adam Pelech - PP : Josh Manson - PK : Alex Petrovic, Adam Pelech
Penalty Shots
Zack Kassian, Wojtek Wolski, Gabriel Landeskog, Jonathan Toews, David Booth

Scratches
Andreas Athanasiou (Healthy)

% Time on Ice - Canadiens

Lines # - Real PCT - Wanted PCT - Time Play
Normal Forward
1 - 33% - 40% - 13:42
2 - 27% - 30% - 11:08
3 - 22% - 20% - 8:58
4 - 18% - 10% - 7:14
Normal Defense
1 - 38% - 40% - 15:41
2 - 36% - 30% - 14:37
3 - 25% - 20% - 10:27
4 - 1% - 10% - 0:17
PP Forward
1 - 54% - 60% - 5:46
2 - 46% - 40% - 4:50
PP Defense
1 - 60% - 60% - 6:23
2 - 40% - 40% - 4:13
PK Forward
1 - 68% - 60% - 4:22
2 - 32% - 40% - 2:01
PK Defense
1 - 56% - 60% - 3:35
2 - 44% - 40% - 2:48
PK3 Forward
1 - 0% - 60%
2 - 0% - 40%
PK3 Defense
1 - 0% - 60%
2 - 0% - 40%
44 Forward
1 - 78% - 60% - 1:33
2 - 22% - 40% - 0:26
44 Defense
1 - 85% - 60% - 1:41
2 - 15% - 40% - 0:18
Last Minute Offensive  - 0:00
Last Minute Defensive  - 0:00
Total
Forward - 60:00
Defense - 60:00

% Time on Ice - Bruins

Lines # - Real PCT - Wanted PCT - Time Play
Normal Forward
1 - 35% - 40% - 14:19
2 - 30% - 30% - 12:26
3 - 25% - 20% - 10:27
4 - 9% - 10% - 3:50
Normal Defense
1 - 40% - 40% - 16:34
2 - 30% - 30% - 12:07
3 - 23% - 20% - 9:38
4 - 7% - 10% - 2:43
PP Forward
1 - 66% - 60% - 4:12
2 - 34% - 40% - 2:11
PP Defense
1 - 61% - 60% - 3:55
2 - 39% - 40% - 2:28
PK Forward
1 - 69% - 60% - 7:22
2 - 31% - 40% - 3:14
PK Defense
1 - 59% - 60% - 6:16
2 - 41% - 40% - 4:20
PK3 Forward
1 - 0% - 60%
2 - 0% - 40%
PK3 Defense
1 - 0% - 60%
2 - 0% - 40%
44 Forward
1 - 83% - 60% - 1:39
2 - 17% - 40% - 0:20
44 Defense
1 - 70% - 60% - 1:23
2 - 30% - 40% - 0:36
Last Minute Offensive  - 0:00
Last Minute Defensive  - 0:00
Total
Forward - 60:00
Defense - 60:00

Play-by-Play

1st period


0:01 of 1st period - Jonathan Toews wins face-off versus Mika Zibanejad in neutral zone.
2:14 of 1st period - Minor Penalty to Jordan Szwarz for Tripping.
2:15 of 1st period - Mike Richards wins face-off versus Jonathan Toews in Canadiens zone.
2:15 of 1st period - Mike Richards is hit by Zack Kassian.
2:20 of 1st period - Wojtek Wolski is hit by Cam Fowler and loses puck.
2:47 of 1st period - Corban Knight is hit by Jason Demers and loses puck.
4:14 of 1st period - Penalty to Jordan Szwarz is over, Jordan Szwarz is back on ice.
4:20 of 1st period - Snap shot by David Booth.
4:20 of 1st period - Stopped by Robin Lehner with a rebound.
6:06 of 1st period - Zack Kassian is hit by Ian White.
6:12 of 1st period - Ian White is hit by Jonathan Toews and loses puck.
6:31 of 1st period - Kevin Shattenkirk is hit by Alex Petrovic and loses puck.
7:06 of 1st period - Slapshot by Chris Kreider.
7:06 of 1st period - Shot Misses the Net.
7:13 of 1st period - Icing by Victor Oreskovich.
7:14 of 1st period - Corban Knight wins face-off versus Mikael Backlund in Bruins zone.
7:29 of 1st period - Corban Knight is hit by Victor Oreskovich.
8:39 of 1st period - Snap shot by Greg Stewart.
8:39 of 1st period - Deflect By Rickard Rakell.
8:39 of 1st period - Shot Misses the Net.
8:39 of 1st period - Puck is out of play.
8:40 of 1st period - Jean-Gabriel Pageau wins face-off versus Casey Cizikas in Bruins zone.
8:41 of 1st period - Wrist shot by Greg Stewart.
8:41 of 1st period - Deflect By Jean-Gabriel Pageau.
8:41 of 1st period - Shot Blocked by Torey Krug.
8:41 of 1st period - Puck is out of play.
8:42 of 1st period - Greg Stewart wins face-off versus Casey Cizikas in Bruins zone.
8:43 of 1st period - Wrist shot by Jean-Gabriel Pageau.
8:43 of 1st period - Shot Misses the Net.
8:45 of 1st period - Slapshot by Mark Stuart.
8:45 of 1st period - Deflect By Jean-Gabriel Pageau.
8:45 of 1st period - Shot Misses the Net.
8:45 of 1st period - Puck is out of play.
8:46 of 1st period - Mika Zibanejad wins face-off versus Zack Kassian in Bruins zone.
8:52 of 1st period - Minor Penalty to Bobby Ryan for Tripping.
8:53 of 1st period - Mike Richards wins face-off versus Jonathan Toews in Canadiens zone.
8:53 of 1st period - Mike Richards is hit by Brendan Smith.
9:07 of 1st period - Snap shot by Wojtek Wolski.
9:07 of 1st period - Deflect By Jonathan Toews.
9:07 of 1st period - Goal by Jonathan Toews - Canadiens : 0 - Bruins : 1.
9:08 of 1st period - Mika Zibanejad wins face-off versus Jonathan Toews in neutral zone.
9:35 of 1st period - Victor Oreskovich is hit by Greg Stewart and loses puck.
11:00 of 1st period - Snap shot by Jean-Gabriel Pageau.
11:00 of 1st period - Shot Misses the Net.
11:03 of 1st period - Icing by Alex Petrovic.
11:04 of 1st period - Jean-Gabriel Pageau wins face-off versus Casey Cizikas in Bruins zone.
11:47 of 1st period - Minor Penalty to Alex Petrovic for Unsportsmanlike conduct.
11:48 of 1st period - Mika Zibanejad wins face-off versus Zack Kassian in Bruins zone.
12:05 of 1st period - Slapshot by Chris Kreider.
12:05 of 1st period - Goal by Chris Kreider - Canadiens : 1 - Bruins : 1.
12:06 of 1st period - Mika Zibanejad wins face-off versus Jonathan Toews in neutral zone.
12:09 of 1st period - Slapshot by Cam Fowler.
12:09 of 1st period - Stopped by Keith Kinkaid with a rebound.
12:15 of 1st period - Slapshot by Torey Krug.
12:15 of 1st period - Deflect By Mika Zibanejad.
12:15 of 1st period - Stopped by Robin Lehner without a rebound.
12:16 of 1st period - Mika Zibanejad wins face-off versus Jonathan Toews in Canadiens zone.
12:41 of 1st period - Snap shot by Jonathan Toews.
12:41 of 1st period - Stopped by Robin Lehner without a rebound.
12:42 of 1st period - Kevin Hayes wins face-off versus Jean-Gabriel Pageau in Canadiens zone.
12:55 of 1st period - Snap shot by Victor Oreskovich.
12:55 of 1st period - Goal by Victor Oreskovich - Canadiens : 1 - Bruins : 2.
12:56 of 1st period - Wojtek Wolski wins face-off versus Mika Zibanejad in neutral zone.
14:08 of 1st period - Minor Penalty to Corban Knight for High sticking.
14:09 of 1st period - Jonathan Toews wins face-off versus Mike Richards in Canadiens zone.
14:15 of 1st period - Snap shot by Jonathan Toews.
14:15 of 1st period - Goal by Jonathan Toews - Canadiens : 1 - Bruins : 3.
14:16 of 1st period - Jonathan Toews wins face-off versus Mika Zibanejad in neutral zone.
15:25 of 1st period - Wrist shot by Gabriel Landeskog.
15:25 of 1st period - Goal by Gabriel Landeskog - Canadiens : 1 - Bruins : 4.
15:25 of 1st period - Allen York enters game.
15:26 of 1st period - Jonathan Toews wins face-off versus Bobby Ryan in neutral zone.
15:30 of 1st period - Minor Penalty to Chris Kreider for High sticking.
15:31 of 1st period - Mike Richards wins face-off versus Jonathan Toews in Canadiens zone.
15:58 of 1st period - Gabriel Landeskog is hit by Mark Stuart.
16:02 of 1st period - Jason Demers is hit by Brandon Bollig.
16:30 of 1st period - Scott Hartnell is hit by Victor Oreskovich and loses puck.
17:30 of 1st period - Penalty to Chris Kreider is over, Chris Kreider is back on ice.
17:47 of 1st period - Brendan Smith is hit by Bobby Ryan and loses puck.
17:55 of 1st period - Icing by Jason Demers.
17:56 of 1st period - David Booth wins face-off versus Jean-Gabriel Pageau in Bruins zone.
18:09 of 1st period - Wrist shot by Taylor Beck.
18:09 of 1st period - Stopped by Allen York with a rebound.
18:20 of 1st period - Double Minor Penalty to Torey Krug for High sticking.
18:21 of 1st period - Mika Zibanejad wins face-off versus Wojtek Wolski in Bruins zone.
18:37 of 1st period - Backhand shot by Chris Kreider.
18:37 of 1st period - Shot Misses the Net.
18:55 of 1st period - Slapshot by Mark Stuart.
18:55 of 1st period - Shot Misses the Net.
18:57 of 1st period - Snap shot by Jean-Gabriel Pageau.
18:57 of 1st period - Stopped by Keith Kinkaid with a rebound.
Goals for this period are 1 for Canadiens vs 4 for Bruins.
Shots for this period are 3 for Canadiens vs 8 for Bruins.

2nd period


0:01 of 2nd period - Mika Zibanejad wins face-off versus Zack Kassian in neutral zone.
0:09 of 2nd period - Minor Penalty to Cam Fowler for Holding Stick.
0:10 of 2nd period - Jean-Gabriel Pageau wins face-off versus Zack Kassian in Canadiens zone.
0:14 of 2nd period - Off-side.
0:15 of 2nd period - Jean-Gabriel Pageau wins face-off versus Zack Kassian in neutral zone.
0:18 of 2nd period - Wrist shot by Jean-Gabriel Pageau.
0:18 of 2nd period - Stopped by Keith Kinkaid with a rebound.
0:20 of 2nd period - Snap shot by Jean-Gabriel Pageau.
0:20 of 2nd period - Deflect By Wojtek Wolski.
0:20 of 2nd period - Shot Misses the Net.
0:20 of 2nd period - Puck is out of play.
0:21 of 2nd period - Jean-Gabriel Pageau wins face-off versus Zack Kassian in Bruins zone.
0:30 of 2nd period - Wrist shot by Jean-Gabriel Pageau.
0:30 of 2nd period - Stopped by Keith Kinkaid without a rebound.
0:31 of 2nd period - Zack Kassian wins face-off versus Jean-Gabriel Pageau in Bruins zone.
0:50 of 2nd period - Slapshot by Jean-Gabriel Pageau.
0:50 of 2nd period - Stopped by Keith Kinkaid without a rebound.
0:51 of 2nd period - Zack Kassian wins face-off versus Jean-Gabriel Pageau in Bruins zone.
1:30 of 2nd period - Wrist shot by Bobby Ryan.
1:30 of 2nd period - Stopped by Keith Kinkaid with a rebound.
1:32 of 2nd period - Snap shot by Mika Zibanejad.
1:32 of 2nd period - Stopped by Keith Kinkaid without a rebound.
1:33 of 2nd period - Zack Kassian wins face-off versus Jean-Gabriel Pageau in Bruins zone.
2:07 of 2nd period - Brian Dumoulin is hit by Jonathan Toews and loses puck.
2:09 of 2nd period - Penalty to Cam Fowler is over, Cam Fowler is back on ice.
2:18 of 2nd period - Wrist shot by Gabriel Landeskog.
2:18 of 2nd period - Stopped by Allen York with a rebound.
2:20 of 2nd period - Penalty to Torey Krug is over, Torey Krug is back on ice.
2:20 of 2nd period - Snap shot by Gabriel Landeskog.
2:20 of 2nd period - Shot Hit the Post.
2:22 of 2nd period - Slapshot by Jonathan Toews.
2:22 of 2nd period - Shot Misses the Net.
2:24 of 2nd period - Slapshot by Gabriel Landeskog.
2:24 of 2nd period - Shot Blocked by Bobby Ryan.
2:26 of 2nd period - Snap shot by Torey Krug.
2:26 of 2nd period - Shot Misses the Net.
2:28 of 2nd period - Wrist shot by Jonathan Toews.
2:28 of 2nd period - Stopped by Allen York without a rebound.
2:29 of 2nd period - Mike Richards wins face-off versus Casey Cizikas in Canadiens zone.
3:17 of 2nd period - Wojtek Wolski is hit by Cam Fowler and loses puck.
3:47 of 2nd period - Off-side.
3:48 of 2nd period - Mika Zibanejad wins face-off versus Kevin Hayes in neutral zone.
3:58 of 2nd period - Minor Penalty to Torey Krug for Roughing.
3:59 of 2nd period - Chris Kreider wins face-off versus Wojtek Wolski in Bruins zone.
4:49 of 2nd period - Brendan Smith is hit by Mika Zibanejad and loses puck.
5:14 of 2nd period - Jason Demers is hit by Bobby Ryan and loses puck.
5:58 of 2nd period - Penalty to Torey Krug is over, Torey Krug is back on ice.
7:08 of 2nd period - Bobby Ryan is hit by Casey Cizikas and loses puck.
7:57 of 2nd period - Mattias Tedenby is hit by Josh Manson and loses puck.
8:23 of 2nd period - Victor Oreskovich is hit by Philip Larsen and loses puck.
8:43 of 2nd period - Ian White is hit by David Booth and loses puck.
9:08 of 2nd period - Bobby Ryan is hit by Mikael Backlund and loses puck.
9:13 of 2nd period - Snap shot by Mikael Backlund.
9:13 of 2nd period - Stopped by Allen York with a rebound.
9:27 of 2nd period - Snap shot by Jordan Szwarz.
9:27 of 2nd period - Shot Misses the Net.
9:45 of 2nd period - Slapshot by Jason Demers.
9:45 of 2nd period - Stopped by Allen York without a rebound.
9:46 of 2nd period - Mika Zibanejad wins face-off versus Kevin Hayes in Canadiens zone.
11:16 of 2nd period - Victor Oreskovich is hit by Mika Zibanejad and loses puck.
11:25 of 2nd period - Mika Zibanejad is hit by Kevin Hayes and loses puck.
11:45 of 2nd period - Slapshot by Jason Demers.
11:45 of 2nd period - Shot Misses the Net.
11:55 of 2nd period - Slapshot by Jason Demers.
11:55 of 2nd period - Stopped by Allen York without a rebound.
11:56 of 2nd period - Jonathan Toews wins face-off versus Jean-Gabriel Pageau in Canadiens zone.
12:31 of 2nd period - Jason Demers is hit by Corban Knight and loses puck.
12:48 of 2nd period - Snap shot by Zack Kassian.
12:48 of 2nd period - Stopped by Allen York with a rebound.
12:50 of 2nd period - Snap shot by Taylor Beck.
12:50 of 2nd period - Stopped by Allen York with a rebound.
12:56 of 2nd period - Minor Penalty to Jordan Szwarz for Hooking.
12:57 of 2nd period - Jonathan Toews wins face-off versus Mike Richards in Canadiens zone.
13:00 of 2nd period - Wrist shot by Zack Kassian.
13:00 of 2nd period - Goal by Zack Kassian - Canadiens : 1 - Bruins : 5.
13:01 of 2nd period - Mika Zibanejad wins face-off versus Jonathan Toews in neutral zone.
13:10 of 2nd period - Wrist shot by Chris Kreider.
13:10 of 2nd period - Stopped by Keith Kinkaid without a rebound.
13:11 of 2nd period - Mika Zibanejad wins face-off versus Jonathan Toews in Bruins zone.
13:24 of 2nd period - Snap shot by Chris Kreider.
13:24 of 2nd period - Shot Misses the Net.
13:56 of 2nd period - Slapshot by Mika Zibanejad.
13:56 of 2nd period - Shot Misses the Net.
13:58 of 2nd period - Slapshot by Cam Fowler.
13:58 of 2nd period - Deflect By Bobby Ryan.
13:58 of 2nd period - Shot Blocked by Zack Kassian.
13:58 of 2nd period - Puck is out of play.
13:59 of 2nd period - Jean-Gabriel Pageau wins face-off versus Kevin Hayes in Bruins zone.
14:07 of 2nd period - Minor Penalty to Victor Oreskovich for Holding.
14:08 of 2nd period - Zack Kassian wins face-off versus Rickard Rakell in Bruins zone.
15:50 of 2nd period - Greg Stewart is hit by Gabriel Landeskog and loses puck.
16:07 of 2nd period - Penalty to Victor Oreskovich is over, Victor Oreskovich is back on ice.
16:17 of 2nd period - Snap shot by Casey Cizikas.
16:17 of 2nd period - Stopped by Allen York with a rebound.
16:44 of 2nd period - Kevin Hayes is hit by Corban Knight and loses puck.
17:03 of 2nd period - Zack Kassian is hit by Jean-Gabriel Pageau and loses puck.
17:27 of 2nd period - Casey Cizikas is hit by Mattias Tedenby and loses puck.
18:30 of 2nd period - Slapshot by Casey Cizikas.
18:30 of 2nd period - Stopped by Allen York with a rebound.
18:55 of 2nd period - Off-side.
18:56 of 2nd period - Mike Richards wins face-off versus Jonathan Toews in neutral zone.
19:01 of 2nd period - Snap shot by Jordan Szwarz.
19:01 of 2nd period - Stopped by Keith Kinkaid with a rebound.
19:21 of 2nd period - Chris Kreider is hit by Torey Krug and loses puck.
19:30 of 2nd period - Wrist shot by Chris Kreider.
19:30 of 2nd period - Shot Blocked by Matt Read.
19:44 of 2nd period - Snap shot by Mattias Tedenby.
19:44 of 2nd period - Shot Blocked by Madison Bowey.
19:46 of 2nd period - Slapshot by Mark Stuart.
19:46 of 2nd period - Deflect By Torey Krug.
19:46 of 2nd period - Stopped by Keith Kinkaid with a rebound.
19:48 of 2nd period - Snap shot by Mattias Tedenby.
19:48 of 2nd period - Goal by Mattias Tedenby - Canadiens : 2 - Bruins : 5.
19:49 of 2nd period - Mika Zibanejad wins face-off versus Wojtek Wolski in neutral zone.
19:52 of 2nd period - Wrist shot by Chris Kreider.
19:52 of 2nd period - Stopped by Keith Kinkaid with a rebound.
19:54 of 2nd period - Slapshot by Cam Fowler.
19:54 of 2nd period - Shot Misses the Net.
19:56 of 2nd period - Snap shot by Mika Zibanejad.
19:56 of 2nd period - Shot Misses the Net.
19:58 of 2nd period - Wrist shot by Bobby Ryan.
19:58 of 2nd period - Stopped by Keith Kinkaid without a rebound.
19:59 of 2nd period - Mika Zibanejad wins face-off versus Jonathan Toews in Bruins zone.
Goals for this period are 1 for Canadiens vs 1 for Bruins.
Shots for this period are 11 for Canadiens vs 10 for Bruins.

3rd period


0:01 of 3rd period - Jonathan Toews wins face-off versus Mika Zibanejad in neutral zone.
0:08 of 3rd period - Snap shot by Wojtek Wolski.
0:08 of 3rd period - Shot Misses the Net.
0:16 of 3rd period - Slapshot by Cam Fowler.
0:16 of 3rd period - Goal by Cam Fowler - Canadiens : 3 - Bruins : 5.
0:17 of 3rd period - Jonathan Toews wins face-off versus Mika Zibanejad in neutral zone.
1:27 of 3rd period - Snap shot by Kevin Shattenkirk.
1:27 of 3rd period - Stopped by Keith Kinkaid without a rebound.
1:28 of 3rd period - Corban Knight wins face-off versus Jonathan Toews in Bruins zone.
1:31 of 3rd period - Slapshot by Corban Knight.
1:31 of 3rd period - Shot Blocked by Alex Petrovic.
1:43 of 3rd period - Slapshot by Zack Kassian.
1:43 of 3rd period - Shot Misses the Net.
1:45 of 3rd period - Wrist shot by Jonathan Toews.
1:45 of 3rd period - Stopped by Allen York without a rebound.
1:46 of 3rd period - Mika Zibanejad wins face-off versus Kevin Hayes in Canadiens zone.
2:40 of 3rd period - Icing by Mike Richards.
2:41 of 3rd period - Scott Hartnell wins face-off versus Casey Cizikas in Canadiens zone.
3:01 of 3rd period - Off-side.
3:02 of 3rd period - Jonathan Toews wins face-off versus Mika Zibanejad in neutral zone.
3:07 of 3rd period - Slapshot by Jonathan Toews.
3:07 of 3rd period - Shot Misses the Net.
4:16 of 3rd period - Snap shot by Matt Read.
4:16 of 3rd period - Stopped by Allen York without a rebound.
4:17 of 3rd period - Mika Zibanejad wins face-off versus Jonathan Toews in Canadiens zone.
4:17 of 3rd period - Mika Zibanejad is hit by Wojtek Wolski.
4:23 of 3rd period - Slapshot by Philip Larsen.
4:23 of 3rd period - Stopped by Keith Kinkaid with a rebound.
4:25 of 3rd period - Wrist shot by Bobby Ryan.
4:25 of 3rd period - Stopped by Keith Kinkaid with a rebound.
4:32 of 3rd period - Minor Penalty to Brendan Smith for Interference.
4:33 of 3rd period - Mika Zibanejad wins face-off versus Zack Kassian in Bruins zone.
5:50 of 3rd period - Snap shot by Gabriel Landeskog.
5:50 of 3rd period - Stopped by Allen York with a rebound.
6:32 of 3rd period - Penalty to Brendan Smith is over, Brendan Smith is back on ice.
6:41 of 3rd period - Wrist shot by Gabriel Landeskog.
6:41 of 3rd period - Stopped by Allen York without a rebound.
6:42 of 3rd period - Mike Richards wins face-off versus Casey Cizikas in Canadiens zone.
6:56 of 3rd period - Minor Penalty to Jordan Szwarz for Hooking.
6:57 of 3rd period - Mike Richards wins face-off versus Jonathan Toews in Canadiens zone.
7:03 of 3rd period - Slapshot by Jonathan Toews.
7:03 of 3rd period - Deflect By Zack Kassian.
7:03 of 3rd period - Shot Misses the Net.
7:03 of 3rd period - Puck is out of play.
7:04 of 3rd period - Mike Richards wins face-off versus Jonathan Toews in Canadiens zone.
7:39 of 3rd period - Slapshot by Jason Demers.
7:39 of 3rd period - Stopped by Allen York with a rebound.
7:57 of 3rd period - Snap shot by Jonathan Toews.
7:57 of 3rd period - Shot Misses the Net.
8:23 of 3rd period - Wrist shot by Jonathan Toews.
8:23 of 3rd period - Shot Misses the Net.
8:27 of 3rd period - Snap shot by Zack Kassian.
8:27 of 3rd period - Stopped by Allen York without a rebound.
8:28 of 3rd period - Kevin Hayes wins face-off versus Mike Richards in Canadiens zone.
8:33 of 3rd period - Snap shot by Gabriel Landeskog.
8:33 of 3rd period - Shot Misses the Net.
8:56 of 3rd period - Penalty to Jordan Szwarz is over, Jordan Szwarz is back on ice.
9:12 of 3rd period - Snap shot by David Booth.
9:12 of 3rd period - Stopped by Allen York without a rebound.
9:13 of 3rd period - Casey Cizikas wins face-off versus Mika Zibanejad in Canadiens zone.
9:33 of 3rd period - Icing by Brian Dumoulin.
9:34 of 3rd period - Mika Zibanejad wins face-off versus Kevin Hayes in Canadiens zone.
9:43 of 3rd period - Wrist shot by Jean-Gabriel Pageau.
9:43 of 3rd period - Shot Blocked by Kevin Hayes.
9:50 of 3rd period - Off-side.
9:51 of 3rd period - Jonathan Toews wins face-off versus Mika Zibanejad in neutral zone.
10:04 of 3rd period - Snap shot by Jonathan Toews.
10:04 of 3rd period - Stopped by Allen York with a rebound.
10:18 of 3rd period - Victor Oreskovich is hit by Jean-Gabriel Pageau and loses puck.
10:28 of 3rd period - Minor Penalty to Victor Oreskovich for Holding.
10:29 of 3rd period - Zack Kassian wins face-off versus Mika Zibanejad in Bruins zone.
12:28 of 3rd period - Penalty to Victor Oreskovich is over, Victor Oreskovich is back on ice.
12:35 of 3rd period - Wrist shot by Corban Knight.
12:35 of 3rd period - Shot Blocked by Jason Demers.
12:37 of 3rd period - Snap shot by Mattias Tedenby.
12:37 of 3rd period - Stopped by Keith Kinkaid with a rebound.
13:09 of 3rd period - Wojtek Wolski is hit by Brian Dumoulin and loses puck.
13:21 of 3rd period - Icing by David Booth.
13:22 of 3rd period - Brandon Bollig wins face-off versus Casey Cizikas in Bruins zone.
13:23 of 3rd period - Snap shot by Corban Knight.
13:23 of 3rd period - Deflect By Brandon Bollig.
13:23 of 3rd period - Deflect By Matt Read.
13:23 of 3rd period - Shot Blocked by Josh Manson.
13:23 of 3rd period - Puck is out of play.
13:24 of 3rd period - Casey Cizikas wins face-off versus Corban Knight in Bruins zone.
13:45 of 3rd period - Wrist shot by Mattias Tedenby.
13:45 of 3rd period - Shot Misses the Net.
13:51 of 3rd period - Brandon Bollig is hit by Madison Bowey and loses puck.
14:14 of 3rd period - Slapshot by Matt Read.
14:14 of 3rd period - Shot Blocked by Corban Knight.
14:24 of 3rd period - Wrist shot by David Booth.
14:24 of 3rd period - Shot Misses the Net.
14:26 of 3rd period - Wrist shot by Casey Cizikas.
14:26 of 3rd period - Shot Blocked by Ian White.
14:28 of 3rd period - Snap shot by Casey Cizikas.
14:28 of 3rd period - Stopped by Allen York without a rebound.
14:29 of 3rd period - Mika Zibanejad wins face-off versus Jonathan Toews in Canadiens zone.
14:38 of 3rd period - Snap shot by Bobby Ryan.
14:38 of 3rd period - Deflect By Chris Kreider.
14:38 of 3rd period - Shot Blocked by Zack Kassian.
14:38 of 3rd period - Puck is out of play.
14:39 of 3rd period - Mika Zibanejad wins face-off versus Wojtek Wolski in Bruins zone.
14:45 of 3rd period - Slapshot by Bobby Ryan.
14:45 of 3rd period - Shot Blocked by Wojtek Wolski.
14:47 of 3rd period - Snap shot by Kevin Shattenkirk.
14:47 of 3rd period - Shot Misses the Net.
14:49 of 3rd period - Slapshot by Cam Fowler.
14:49 of 3rd period - Stopped by Keith Kinkaid without a rebound.
14:50 of 3rd period - Jonathan Toews wins face-off versus Mika Zibanejad in Bruins zone.
15:16 of 3rd period - Snap shot by Greg Stewart.
15:16 of 3rd period - Stopped by Keith Kinkaid with a rebound.
15:26 of 3rd period - Mark Stuart is hit by Jonathan Toews and loses puck.
15:39 of 3rd period - Backhand shot by Zack Kassian.
15:39 of 3rd period - Shot Misses the Net.
15:41 of 3rd period - Backhand shot by Zack Kassian.
15:41 of 3rd period - Shot Misses the Net.
15:43 of 3rd period - Slapshot by Jason Demers.
15:43 of 3rd period - Shot Blocked by Mark Stuart.
15:45 of 3rd period - Wrist shot by Wojtek Wolski.
15:45 of 3rd period - Shot Misses the Net.
15:47 of 3rd period - Snap shot by Zack Kassian.
15:47 of 3rd period - Stopped by Allen York with a rebound.
15:49 of 3rd period - Snap shot by Wojtek Wolski.
15:49 of 3rd period - Shot Misses the Net.
15:51 of 3rd period - Slapshot by Jason Demers.
15:51 of 3rd period - Stopped by Allen York with a rebound.
16:05 of 3rd period - Slapshot by Jonathan Toews.
16:05 of 3rd period - Shot Misses the Net.
16:09 of 3rd period - Slapshot by Zack Kassian.
16:09 of 3rd period - Shot Misses the Net.
16:11 of 3rd period - Wrist shot by Jonathan Toews.
16:11 of 3rd period - Stopped by Allen York with a rebound.
16:47 of 3rd period - Wrist shot by Jonathan Toews.
16:47 of 3rd period - Stopped by Allen York without a rebound.
16:48 of 3rd period - Casey Cizikas wins face-off versus Mike Richards in Canadiens zone.
17:13 of 3rd period - Jordan Szwarz is hit by Kevin Hayes and loses puck.
18:23 of 3rd period - Torey Krug is hit by Corban Knight and loses puck.
18:57 of 3rd period - Icing by Brandon Bollig.
18:58 of 3rd period - Corban Knight wins face-off versus Mikael Backlund in Canadiens zone.
19:37 of 3rd period - Minor Penalty to Josh Manson for Hooking.
19:38 of 3rd period - Zack Kassian wins face-off versus Mika Zibanejad in Bruins zone.
Goals for this period are 1 for Canadiens vs 0 for Bruins.
Shots for this period are 7 for Canadiens vs 13 for Bruins. Output by the SimonT Hockey Simulator (STHS) for Francois Prevost - Original Page W3C HTML5 Valid
Hockey Simulator - Hockey Simulation - Hockey Manager